 Dungeon Sprint DCSS version 0.17-a0-1382-gc46a074 (webtiles) character file.

8200000 Kidiri the Conqueror (level 27, -1/323 HPs)
             Began as a Troll Hunter on June 15, 2015.
             Was the Champion of Makhleb.
             Killed by the air
             ... invoked by a tyrant
              (66 damage)
             ... in the Dungeon (Sprint VIII: "Arena of Blood").
             The game lasted 00:05:55 (82 turns).

Kidiri the Conqueror (Troll Hunter)                   Turns: 82, Time: 00:05:56

Health: -1/323     AC:  7    Str: 28    XL:     27
Magic:  32/53      EV: 32    Int:  7    God:    Makhleb [******]
Gold:   0          SH:  0    Dex: 19    Spells: 0 memorised, 80 levels left

rFire  . . .     SeeInvis .     l - +∞ Axe of Woe
rCold  . . .     Clarity  .     d - +0 robe
rNeg   . . .     SustAt   .     (no shield)
rPois  .         Gourm    +     (helmet restricted)
rElec  .         Spirit   .     (no cloak)
rCorr  .         Warding  .     (gloves unavailable)
rMut   .         NoTele   +     (boots unavailable)
MR     ++...                    (no amulet)
Stlth  +++++++...               (no ring)
                                (no ring)

@: very slightly contaminated, very resistant to hostile enchantments, extremely
stealthy
A: unfitting armour, claws 3, fast metabolism 3, gourmand, regeneration 2,
shaggy fur 1, tough skin 2
a: Minor Destruction, Lesser Servant of Makhleb, Major Destruction, Greater
Servant of Makhleb, Renounce Religion


You were in the Dungeon.
You worshipped Makhleb.
Makhleb was exalted by your worship.
You were not hungry.

You visited 1 branch

Inventory:

Hand weapons
 c - a +0 short sword
 l - the +∞ Axe of Woe (weapon)
   (You found it in the Dungeon)
Missiles
 a - 4 large rocks (quivered)
 b - 2 throwing nets
Armour
 d - a +0 robe (worn)
Jewellery
 m - an uncursed ring of protection from fire
Potions
 f - a potion of curing
 g - a potion of heal wounds
 h - a potion of haste
 i - 2 potions of magic
 j - a potion of berserk rage
Comestibles
 e - 2 bread rations


   Skills:
 O Level 27 Fighting
 O Level 27 Short Blades
 O Level 27 Axes
 O Level 27 Throwing
 O Level 27 Armour
 O Level 27 Dodging
 O Level 27 Stealth
 O Level 27 Unarmed Combat
 O Level 27 Spellcasting
 O Level 27 Invocations


You had 80 spell levels left.
You didn't know any spells.

Dungeon Overview and Level Annotations

Branches:
Dungeon (1/1)

Altars:
Makhleb

Annotations:
D The Captor


Innate Abilities, Weirdness & Mutations

You are too large for most types of armour.
You have claws for hands.
Your metabolism is lightning-fast.
You like to eat raw meat.
You heal very quickly.
You are covered in fur (AC +1).
You have very tough skin (AC +2).


Message History

You are very lightly contaminated with residual magic.
As you read the scroll of blinking, it crumbles to dust. 2 orcs, an ogre, a hell beast, a skeletal warrior, a lich and Sigmund come into view.
You hear a shout! x3
The tyrant waves its bony arms in wide circles.
The air twists around and strikes you!
* * * LOW HITPOINT WARNING * * *
The tyrant is engulfed in roaring flames.
You hear a shout! x2
The small abomination is engulfed in roaring flames.
The large abomination is engulfed in roaring flames.
You are too injured to fight recklessly!
The bag of meat shouts!
The meat beast barks!
You hit the large abomination.
You hew the large abomination savagely.
You destroy the large abomination!
You hear a shout! x2
The large abomination is engulfed in roaring flames.
The tyrant waves its bony arms in wide circles.
The air twists around and strikes you!
You die...

#ooz.....
#OL2.....
#..@..... #.......
...#...
#.....###......#..
#....#............
#........#........
#@.Xx.....#.......
#..oXX.X.....#....
#%L...X%.)#)%.%..#
#...%#.)))))))..).
#.XXx##))).)§)#)))
#XLX.X#).)).#).).)
#.X§z))###..))))..
#X§xXx##....#.%...
#§xX)#........#...


You could see a tentacled monstrosity, a meat beast, 3 tyrants, 2 sculptors of
flesh, 12 large abominations, The Captor, a meat berserker (berserk), a small
abomination and 3 bags of meat.

Vanquished Creatures
  A hell beast (D)
  A greater mummy (D)
  A wraith (D)
  Harold (D)
  10 vampire knights (D)
  20 ogres (D)
  A lich (D)
  50 orcs (D)
  6 hill giants (D)
  5 skeletal warriors (D)
  A large abomination (D)
  5 small abominations (D)
  12 crawling corpses (D)
114 creatures vanquished.

Vanquished Creatures (others)
  2 crawling corpses (D)
2 creatures vanquished.

Grand Total: 116 creatures vanquished

Notes
Turn   | Place    | Note
--------------------------------------------------------------
     0 | D        | Kidiri the Troll Hunter began the quest for the Orb.
     0 | D        | Reached XP level 1. HP: 19/19 MP: 0/0
     4 | D        | Became a worshipper of Makhleb the Destroyer
     5 | D        | Noticed a bag of meat
     6 | D        | Noticed a bag of meat
     6 | D        | Noticed a bag of meat
     7 | D        | Noticed a meat berserker
     8 | D        | Noticed a meat berserker
    10 | D        | Killed a bag of meat
    10 | D        | Reached skill level 13 in Fighting
    10 | D        | Reached XP level 2. HP: 23/52 MP: 1/1
    10 | D        | Reached XP level 3. HP: 26/59 MP: 2/2
    10 | D        | Reached XP level 4. HP: 29/68 MP: 3/3
    10 | D        | Reached XP level 5. HP: 32/76 MP: 4/4
    10 | D        | Reached XP level 6. HP: 35/85 MP: 5/5
    10 | D        | Reached XP level 7. HP: 38/93 MP: 6/6
    10 | D        | Reached XP level 8. HP: 41/102 MP: 7/7
    10 | D        | Reached XP level 9. HP: 44/110 MP: 8/8
    10 | D        | Reached XP level 10. HP: 47/119 MP: 9/9
    10 | D        | Reached XP level 11. HP: 50/127 MP: 10/10
    11 | D        | Noticed a bag of meat
    11 | D        | Killed a meat berserker
    11 | D        | Acquired Makhleb's first power
    11 | D        | Reached skill level 16 in Fighting
    11 | D        | Reached skill level 10 in Stealth
    11 | D        | Reached XP level 12. HP: 124/146 MP: 11/11
    11 | D        | Reached XP level 13. HP: 130/154 MP: 12/12
    11 | D        | Noticed a bag of meat
    12 | D        | Noticed a bag of meat
    12 | D        | Noticed a bag of meat
    13 | D        | Noticed a bag of meat
    14 | D        | Killed a meat berserker
    14 | D        | Reached skill level 18 in Fighting
    14 | D        | Reached skill level 15 in Throwing
    14 | D        | Reached XP level 14. HP: 81/170 MP: 13/13
    14 | D        | Killed a bag of meat
    14 | D        | Acquired Makhleb's second power
    14 | D        | Reached skill level 19 in Fighting
    14 | D        | Reached XP level 15. HP: 145/180 MP: 14/14
    15 | D        | Noticed a bag of meat
    15 | D        | Noticed a meat berserker
    15 | D        | Noticed a meat berserker
    16 | D        | Noticed a meat berserker
    16 | D        | Noticed a bag of meat
    16 | D        | Killed a bag of meat
    16 | D        | Reached skill level 20 in Fighting
    16 | D        | Reached skill level 15 in Axes
    16 | D        | Killed a bag of meat
    16 | D        | Acquired Makhleb's third power
    17 | D        | Noticed a bag of meat
    17 | D        | Noticed a bag of meat
    17 | D        | Noticed a meat berserker
    17 | D        | Noticed a bag of meat
    17 | D        | Noticed a bag of meat
    18 | D        | Killed a meat berserker
    18 | D        | Reached skill level 22 in Fighting
    18 | D        | Reached XP level 16. HP: 151/200 MP: 15/15
    18 | D        | Killed a bag of meat
    19 | D        | Killed a meat berserker
    19 | D        | Acquired Makhleb's fourth power
    19 | D        | Reached skill level 24 in Fighting
    19 | D        | Reached skill level 15 in Stealth
    19 | D        | Reached XP level 17. HP: 210/215 MP: 16/16
    19 | D        | Noticed a destroyer
    20 | D        | Killed a bag of meat
    20 | D        | Killed a meat berserker
    20 | D        | Acquired Makhleb's fifth power
    20 | D        | Reached skill level 25 in Fighting
    20 | D        | Reached XP level 18. HP: 225/230 MP: 17/17
    20 | D        | Noticed a large bag of meat
    21 | D        | Killed a bag of meat
    21 | D        | Reached skill level 26 in Fighting
    21 | D        | Killed a bag of meat
    21 | D        | Killed a meat berserker
    21 | D        | Reached skill level 27 in Fighting
    21 | D        | Reached skill level 27 in Dodging
    21 | D        | Reached XP level 19. HP: 155/245 MP: 18/18
    22 | D        | Noticed a destroyer
    22 | D        | Killed a bag of meat
    22 | D        | Killed a bag of meat
    23 | D        | Noticed a destroyer
    23 | D        | Killed a destroyer
    23 | D        | Killed a bag of meat
    23 | D        | Reached skill level 27 in Throwing
    23 | D        | Reached XP level 20. HP: 256/256 MP: 19/19
    23 | D        | Killed a destroyer
    23 | D        | Reached skill level 27 in Axes
    24 | D        | Noticed a meat berserker
    24 | D        | Noticed a destroyer
    24 | D        | Killed a bag of meat
    25 | D        | Noticed a meat berserker
    25 | D        | Noticed a bag of meat
    26 | D        | Killed a large bag of meat
    27 | D        | Noticed a large bag of meat
    28 | D        | Noticed a bag of meat
    28 | D        | Noticed a bag of meat
    28 | D        | Noticed a bag of meat
    28 | D        | Noticed a bag of meat
    28 | D        | Killed a destroyer
    28 | D        | Reached skill level 10 in Short Blades
    28 | D        | Reached skill level 10 in Armour
    28 | D        | Reached skill level 27 in Stealth
    28 | D        | Reached XP level 21. HP: 265/265 MP: 19/32
    29 | D        | Noticed a bag of meat
    29 | D        | Killed a meat berserker
    29 | D        | Reached skill level 10 in Spellcasting
    29 | D        | Reached skill level 10 in Invocations
    29 | D        | Killed a destroyer
    29 | D        | Reached XP level 22. HP: 275/275 MP: 19/38
    30 | D        | Noticed a bag of meat
    30 | D        | Noticed a bag of meat
    30 | D        | Noticed a sculptor of flesh
    30 | D        | Noticed a destroyer
    30 | D        | Killed a bag of meat
    31 | D        | Killed a meat berserker
    31 | D        | Reached skill level 15 in Spellcasting
    32 | D        | Noticed a bag of meat
    32 | D        | Noticed a destroyer
    32 | D        | Noticed a large bag of meat
    33 | D        | Noticed a bag of meat
    33 | D        | Killed a bag of meat
    33 | D        | Reached skill level 15 in Invocations
    33 | D        | Killed a bag of meat
    33 | D        | Killed a destroyer
    33 | D        | Reached XP level 23. HP: 284/284 MP: 19/43
    33 | D        | Killed a bag of meat
    34 | D        | Noticed a sculptor of flesh
    34 | D        | Noticed a bag of meat
    34 | D        | Noticed a meat berserker
    35 | D        | Noticed a destroyer
    35 | D        | Noticed a sculptor of flesh
    35 | D        | Noticed a bag of meat
    35 | D        | Noticed a large bag of meat
    35 | D        | Noticed a meat berserker
    35 | D        | Noticed a bag of meat
    35 | D        | Noticed a bag of meat
    36 | D        | Noticed a bag of meat
    36 | D        | Noticed a bag of meat
    36 | D        | Noticed a sculptor of flesh
    36 | D        | Killed a bag of meat
    36 | D        | Killed a destroyer
    37 | D        | Noticed a bag of meat
    37 | D        | Noticed a bag of meat
    37 | D        | Noticed a destroyer
    37 | D        | Killed a sculptor of flesh
    38 | D        | Killed a bag of meat
    38 | D        | Killed a bag of meat
    38 | D        | Reached XP level 24. HP: 295/295 MP: 21/46
    39 | D        | Noticed a bag of meat
    39 | D        | Noticed a bag of meat
    39 | D        | Noticed a sculptor of flesh
    39 | D        | Killed a meat berserker
    39 | D        | Killed a bag of meat
    39 | D        | Reached skill level 27 in Armour
    40 | D        | Killed a large bag of meat
    40 | D        | Reached skill level 27 in Short Blades
    40 | D        | Killed a sculptor of flesh
    41 | D        | Noticed a bag of meat
    41 | D        | Noticed a bag of meat
    41 | D        | Noticed a bag of meat
    41 | D        | Noticed a meat berserker
    41 | D        | Noticed a meat berserker
    41 | D        | Noticed a bag of meat
    42 | D        | Noticed a meat berserker
    42 | D        | Killed a bag of meat
    42 | D        | Killed a bag of meat
    42 | D        | Killed a bag of meat
    42 | D        | Killed a large bag of meat
    42 | D        | Reached XP level 25. HP: 304/304 MP: 22/51
    42 | D        | Killed a bag of meat
    43 | D        | Noticed a bag of meat
    43 | D        | Noticed a bag of meat
    43 | D        | Noticed The Servant
    44 | D        | Noticed a tyrant
    44 | D        | Killed a bag of meat
    44 | D        | Reached skill level 27 in Unarmed Combat
    44 | D        | Killed a destroyer
    44 | D        | Reached skill level 27 in Spellcasting
    44 | D        | Reached skill level 27 in Invocations
    45 | D        | Noticed a bag of meat
    45 | D        | Noticed a tyrant
    46 | D        | Noticed a bag of meat
    46 | D        | Noticed a bag of meat
    46 | D        | Killed a destroyer
    46 | D        | Killed a bag of meat
    46 | D        | Killed a meat berserker
    46 | D        | Reached XP level 26. HP: 314/314 MP: 23/53
    46 | D        | Killed a bag of meat
    46 | D        | Killed a meat berserker
    47 | D        | Noticed a bag of meat
    47 | D        | Killed a bag of meat
    47 | D        | Killed a meat berserker
    47 | D        | Killed a bag of meat
    48 | D        | Killed a sculptor of flesh
    48 | D        | Killed a large bag of meat
    48 | D        | Reached XP level 27. HP: 323/323 MP: 23/53
    49 | D        | Noticed a bag of meat
    49 | D        | Noticed a bag of meat
    50 | D        | Killed a bag of meat
    50 | D        | Killed a bag of meat
    50 | D        | Killed a sculptor of flesh
    50 | D        | Killed a bag of meat
    51 | D        | Noticed a bag of meat
    51 | D        | Noticed a meat berserker
    52 | D        | Noticed a bag of meat
    52 | D        | Killed The Servant
    52 | D        | Killed a meat berserker
    52 | D        | Killed a bag of meat
    53 | D        | Killed a sculptor of flesh
    53 | D        | Killed a bag of meat
    53 | D        | Killed a bag of meat
    54 | D        | Noticed a sculptor of flesh
    54 | D        | Killed a meat berserker
    54 | D        | Killed a bag of meat
    55 | D        | Noticed an accursed
    56 | D        | Killed a bag of meat
    57 | D        | Killed a bag of meat
    58 | D        | Killed a bag of meat
    59 | D        | Killed a bag of meat
    60 | D        | Killed an accursed
    60 | D        | Killed a bag of meat
    61 | D        | Noticed a meat berserker
    61 | D        | Noticed a tyrant
    61 | D        | Noticed a bag of meat
    61 | D        | Noticed a meat berserker
    61 | D        | Noticed a bag of meat
    61 | D        | Noticed a destroyer
    61 | D        | Noticed a destroyer
    62 | D        | Killed a tyrant
    62 | D        | Killed a bag of meat
    63 | D        | Noticed a large bag of meat
    63 | D        | Noticed a meat berserker
    64 | D        | Noticed a large bag of meat
    64 | D        | Killed a bag of meat
    65 | D        | Noticed a meat berserker
    65 | D        | Killed a bag of meat
    66 | D        | Noticed a dread
    66 | D        | Killed a destroyer
    66 | D        | Killed a meat berserker
    66 | D        | Killed a meat berserker
    70 | D        | Noticed a meat berserker
    70 | D        | Killed a meat berserker
    71 | D        | Killed a meat berserker
    71 | D        | Killed a destroyer
    72 | D        | Noticed a tyrant
    72 | D        | Noticed a bag of meat
    72 | D        | Killed a bag of meat
    72 | D        | Killed a large bag of meat
    73 | D        | Noticed a meat berserker
    74 | D        | Noticed a bag of meat
    74 | D        | Killed a bag of meat
    74 | D        | Killed a meat berserker
    74 | D        | Killed a bag of meat
    75 | D        | Noticed a bag of meat
    75 | D        | Killed a large bag of meat
    75 | D        | Noticed a meat beast
    76 | D        | Killed a bag of meat
    77 | D        | Noticed a bag of meat
    77 | D        | Noticed a bag of meat
    77 | D        | Noticed a dread
    77 | D        | Killed a bag of meat
    77 | D        | Killed a meat beast
    77 | D        | Killed a dread
    78 | D        | Noticed a bag of meat
    79 | D        | Noticed a bag of meat
    79 | D        | Noticed a bag of meat
    79 | D        | Killed a bag of meat
    79 | D        | Killed a meat berserker
    81 | D        | Noticed a tyrant
    81 | D        | Noticed a sculptor of flesh
    81 | D        | Noticed a bag of meat
    81 | D        | Noticed a bag of meat
    81 | D        | Noticed a meat beast
    81 | D        | Noticed a meat berserker
    81 | D        | Noticed The Captor
    82 | D        | Killed from afar by a tyrant

Vault maps used:
D:        meatsprint

Action                   |  1- 3 |  4- 6 |  7- 9 | 10-12 | 13-15 | 16-18 | 19-21 | 22-24 | 25-27 || total
-------------------------+-------+-------+-------+-------+-------+-------+-------+-------+-------++-------
Melee: Executioner's axe |     1 |       |       |     1 |     3 |     3 |     6 |     9 |    27 ||    50
Throw: Large rock        |       |       |       |       |       |       |     1 |       |       ||     1
  Use: Scroll            |       |       |       |       |       |       |       |       |     1 ||     1
